 Dungeon Crawl Stone Soup version 0.30-a0-1103-g25895a7845 (webtiles) character file.

Game seed: 18242171885231990632

796 KryptKrawler the Cleaver (level 7, -18/61 HPs)
             Began as a Hill Orc Monk on Apr 18, 2023.
             Was a Believer of Beogh.
             Demolished by an ogre
             ... wielding a +0 giant spiked club
              (23 damage)
             ... on level 4 of the Dungeon.
             The game lasted 00:12:07 (4497 turns).

KryptKrawler the Cleaver (Hill Orc Monk)            Turns: 4497, Time: 00:12:07

Health: -18/61     AC: 11    Str: 16    XL:     7   Next: 89%
Magic:  0/7        EV:  8    Int: 10    God:    Beogh [**....]
Gold:   209        SH:  0    Dex: 13    Spells: 6/6 levels left

rFire   . . .      SeeInvis .    a - +1 hand axe
rCold   . . .      Faith    .    d - orb {light}
rNeg    . . .      Spirit   +    n - +0 chain mail
rPois   .          Reflect  .    f - +1 helmet
rElec   .          Rampage  .    (no cloak)
rCorr   .                        (no gloves)
Will    .....                    (no boots) Stlth
                                 q - amulet of guardian spirit
HPRegen 0.30/turn                c - ring of flight
MPRegen 0.10/turn                (no ring)

@: lethally poisoned (-18 -> -21), flying, glowing
A: no striking features
a: Renounce Religion, Smiting


You were on level 4 of the Dungeon.
You worshipped Beogh.
Beogh was pleased with you.
You visited 1 branch of the dungeon, and saw 5 of its levels.

You collected 209 gold pieces.

Inventory:

Hand Weapons
 a - a +1 hand axe (weapon)
Missiles
 j - 13 stones
Armour
 d - an orb of light (worn)
 f - a +1 helmet (worn)
 n - a +0 chain mail (worn)
 p - the orb "Egeden" {*channel, rN+ Str-5 Dex+3}
   (You found it on level 3 of the Dungeon)

   Str:       It affects your strength (-5).
   Dex:       It affects your dexterity (+3).
   rN:        It protects you from negative energy.
Magical Staves
 o - a staff of cold
Jewellery
 c - a ring of flight (left hand)
 q - an amulet of guardian spirit (around neck)
Wands
 i - a wand of flame (13) (quivered)
 s - a wand of digging (3)
Scrolls
 h - 3 scrolls of magic mapping
 k - a scroll of blinking
 l - a scroll of immolation
 v - a scroll of amnesia
Potions
 b - 2 potions of heal wounds {unknown}
 e - 3 potions of lignification
 g - a potion of curing
 m - a potion of degeneration {unknown}
 r - a potion of cancellation {unknown}
 t - a potion of haste


   Skills:
 + Level 5.3 Fighting
 + Level 8.7 Axes
 + Level 0.2 Throwing
 + Level 4.0 Armour
 + Level 3.4 Dodging
 + Level 0.8 Stealth
 + Level 0.3 Invocations
 + Level 0.2 Evocations


You had 6 spell levels left.
You didn't know any spells.
Your spell library contained the following spells:

 Spells                   Type           Power      Damage    Failure   Level
 Necrotise                Necr           0%         1d4       99%         1
 Agony                    Necr           0%         N/A       100%        5
 Metabolic Englaciation   Hex/Ice        0%         N/A       100%        5
 Infestation              Necr           0%         N/A       100%        8


Dungeon Overview and Level Annotations

Branches:
Dungeon (5/15)
 Temple: D:4-7

Altars:


Message History

You start resting.
Magic restored.
You start resting.
HP restored.
You start waiting.
Done waiting.
You fly downwards.
You hear the sound of rushing water.
There is an entrance to a sewer on this level.
Hurry and find it before the portal rusts away!
You hear the rusting of a very distant drain.
The scorpion stings you.
You are poisoned.
The scorpion poisons you! The ogre barely misses you. The scorpion stings you.
An orc comes into view. It is wielding a +0 hand axe.
There is a stone staircase leading up here.
You feel sick.
The ogre hits you with a +0 giant spiked club!!
The scorpion closely misses you.
You fly upwards.
You feel sick.
There is a stone staircase leading down here.
You can't go up here!
Aiming: Throw Flame
Press: ? - help, Q - select action, (/) - cycle Shift-Dir - straight line, f - scorpion
Aim: a scorpion (haloed, 79% to hit)
The puff of flame hits the scorpion.
The scorpion is lightly wounded.
You feel sick. The scorpion barely misses you.
The ogre hits you with a +0 giant spiked club!!
* * * LOW HITPOINT WARNING * * *
Aiming: Throw Flame
Press: ? - help, Q - select action, (/) - cycle Shift-Dir - straight line, f - ogre, p - scorpion
Aim: an ogre, wielding a +0 giant spiked club (haloed, 90% to hit)
The puff of flame hits the ogre.
The ogre is lightly wounded.
You feel sick. The scorpion stings you.
* * * LOW HITPOINT WARNING * * *
The scorpion stings you but does no damage.
The ogre attacks as you move away!
The ogre hits you with a +0 giant spiked club!!
You die...

#...#
#.......##.#..#.###.....
#...# #.......)).#..#.#
#####. #...#
#......)##......# #.
###.#############...####
#. #.##..........#...# #.
#........#.##.#...# ##
####.##..#[##.#...# #
#.##....##.##.####### #
#.###.#..@s.........######
#.###.....O##.#####.......
#.......#####.#####..)....
######### #.##....######
#.##.##.## #
#.##.#...#####
#......#......
####.#...#####
#.......###...


You could see an ogre and a scorpion.

Vanquished Creatures
  Duvessa (D:4)
  An ice beast (D:5)
  A black bear (D:4)
  An ogre (D:4)
  A scorpion (D:4)
  Dowan (D:4)
  A hound (D:4)
  A jelly (D:4)
  An orc priest (D:4)
  Jessica (D:3)
  3 iguanas
  Robin (D:2)
  3 adders
  A shadow imp (D:5)
  A dart slug (D:1)
  10 orcs
  7 ball pythons
  5 bats
  6 endoplasms
  3 giant cockroaches
  10 goblins
  6 hobgoblins
  2 quokkas
  4 frilled lizards (D:1)
  6 kobolds
  2 rats
80 creatures vanquished.

Notes
Turn   | Place    | Note
-------+----------+-------------------------------------------
     0 | D:1      | KryptKrawler the Hill Orc Monk began the quest for the Orb.
     0 | D:1      | Reached XP level 1. HP: 19/19 MP: 1/1
    37 | D:1      | Got the Atlas of Subzero Unholy Deeds
   117 | D:1      | Reached XP level 2. HP: 19/27 MP: 2/2
   505 | D:1      | Reached XP level 3. HP: 33/33 MP: 3/3
   697 | D:1      | Found a faded altar of an unknown god.
   850 | D:2      | Noticed Robin
   871 | D:2      | Killed Robin
   872 | D:2      | Reached skill level 5 in Axes
  1044 | D:2      | You fall into a shaft and drop 1 floor!
  1122 | D:3      | Noticed Jessica
  1123 | D:3      | Reached XP level 4. HP: 37/40 MP: 4/4
  1145 | D:3      | Killed Jessica
  1146 | D:3      | Reached skill level 6 in Axes
  1322 | D:3      | Identified the orb "Egeden" {*channel, rN+ Str-5 Dex+3}
  1401 | D:3      | Became a worshipper of Beogh the Brigand
  1401 | D:3      | Reached * piety under Beogh
  1401 | D:3      | Reached ** piety under Beogh
  1407 | D:3      | Identified the +0 ring mail of Disaster {rF+ rN+ Dex+3}
  1672 | D:3      | Reached XP level 5. HP: 46/46 MP: 5/5
  1870 | D:4      | Noticed Duvessa
  1871 | D:4      | Noticed Dowan
  1876 | D:4      | Reached skill level 1 in Armour
  2131 | D:4      | Noticed a black bear
  2143 | D:4      | Killed a black bear
  2144 | D:4      | Reached XP level 6. HP: 23/53 MP: 6/6
  2554 | D:4      | Killed Duvessa
  2555 | D:4      | Reached skill level 7 in Axes
  2561 | D:4      | HP: 1/47 [Dowan/stone arrow (9)]
  2563 | D:4      | Killed Dowan
  2564 | D:4      | Reached skill level 5 in Fighting
  2980 | D:4      | Reached XP level 7. HP: 48/55 MP: 4/7
  3831 | D:4      | Reached skill level 8 in Axes
  4217 | D:5      | Entered Level 5 of the Dungeon
  4497 | D:4      | Demolished by an ogre

Illustrated notes

Levels and vault maps discovered:
D:1:      minmay_arrival_jagged, layout_basic,
          dilly_ecumenical_altar_fadedgnrine
D:2:      layout_basic, grunt_decor_fettered, minmay_misc_feat_more_columns,
          uniq_robin
D:3:      layout_basic, uniq_jessica
D:4:      layout_loops_cross, uniq_duvessa
D:5:      layout_rooms, general_overflow_altar, gammafunk_ghost_gnarly_gnolls,
          lightli_sewer_entry_pipes, minmay_liquid_box, guppyfry_shop_venom,
          uniq_grinder

Skill      XL: |  1  2  3  4  5  6  7 |
---------------+----------------------+-----
Fighting       | 4 5 |  5.3
Axes           | 5 6 7 8 |  8.7
Armour         | 1 2 4 |  4.0
Dodging        | 3 |  3.4
Throwing       | |  0.2
Stealth        | |  0.8
Invocations    | |  0.3
Evocations     | |  0.2

Action                     |  1- 3 |  4- 6 |  7- 9 || total
---------------------------+-------+-------+-------++-------
  Melee: Hand axe          |    89 |   113 |    57 ||   259
  Throw: Stone             |       |     3 |       ||     3
 Invoke: Convert to Beogh  |       |     1 |       ||     1
         Smiting           |       |     1 |       ||     1
  Evoke: Wand              |       |     2 |     2 ||     4
    Use: Scroll            |     4 |     8 |     2 ||    14
         Potion            |       |     1 |       ||     1
 Armour: Robe              |    11 |       |       ||    11
         Ring mail         |    17 |    16 |       ||    33
         Chain mail        |       |    53 |    17 ||    70
  Dodge: Dodged            |    63 |    79 |    21 ||   163

Table legend: (Time is in decaauts)
 A = Elapsed time spent in this place.
 B = Non-inter-level travel time spent in this place.
 C = Inter-level travel time spent in this place.
 D = Time resting spent in this place.
 E = Time spent auto-exploring this place.
 F = Levels seen in this place.
 G = Mean time per level.
                   A        B        C        D        E       F      G
               +--------+--------+--------+--------+--------+-----+--------+
         Total |   4496 |   4314 |    182 |   1756 |   1901 |   5 |  899.2 |
       Dungeon |   4496 |   4314 |    182 |   1756 |   1901 |   5 |  899.2 |
               +--------+--------+--------+--------+--------+-----+--------+

Top non-repeatable levels by time:
     D:4: 2315 daAuts
     D:3: 1078 daAuts
     D:1: 828 daAuts
     D:2: 221 daAuts
     D:5: 53 daAuts
